 Dungeon Crawl Stone Soup version 0.30-a0-639-g3916f1956a (webtiles) character file.

Game seed: 9415539448183249358

2065 drugrobin the Martial Artist (level 8, -3/62 HPs)
             Began as a Demigod Delver on Jan 17, 2023.
             Slain by a killer bee (7 damage)
             ... on level 7 of the Dungeon.
             The game lasted 00:16:47 (6474 turns).

drugrobin the Martial Artist (Demigod Delver)       Turns: 6474, Time: 00:16:48

Health: -3/62      AC: 11    Str: 17 (19) XL:     8   Next: 76%
Magic:  10/10      EV:  7    Int:  6 (8)  God:
Gold:   257        SH:  0    Dex: 22 (24) Spells: 7/7 levels left

rFire   . . .      SeeInvis .    c - +6 shillelagh "Devastator" {shatter}
rCold   . . .      Faith    .    (no shield)
rNeg    . . .      Spirit   .    A - +1 chain mail of the Gastropod {Regen+ Str+2 Int-4 Dex+5}
rPois   .          Reflect  .    v - +1 helmet
rElec   .          Harm     .    s - scarf {+Inv}
rCorr   .          Rampage  .    (no gloves)
Will    .....                    (no boots) Stlth
                                 (no amulet)
HPRegen 1.10/turn                x - ring of flight
MPRegen 0.12/turn                (no ring)

@: lethally poisoned (-3 -> -8), flying
A: high MP 1, forlorn, divine attributes
a: Evoke Invisibility


You were on level 7 of the Dungeon.
You visited 1 branch of the dungeon, and saw 7 of its levels.

You collected 257 gold pieces.

Inventory:

Hand Weapons
 b - a +0 shortbow
 c - the +6 shillelagh "Devastator" (weapon) {shatter}
   (You found it on level 6 of the Dungeon)
 d - a +0 short sword of draining
 k - the +9 falchion of Dieclajeby {flame, rF+ Str+3 SInv}
   (You found it on level 7 of the Dungeon)

   Str:       It affects your strength (+3).
   rF:        It protects you from fire.
   SInv:      It lets you see invisible.
Missiles
 t - 3 atropa-tipped darts (quivered)
 y - a poisoned dart
 B - 3 javelins
Armour
 a - a +0 leather armour
 s - a scarf of invisibility (worn)
 v - a +1 helmet (worn)
 A - the +1 chain mail of the Gastropod (worn) {Regen+ Str+2 Int-4 Dex+5}
   (You found it on level 6 of the Dungeon)

   Str:       It affects your strength (+2).
   Int:       It affects your intelligence (-4).
   Dex:       It affects your dexterity (+5).
   Regen:     It increases your rate of health regeneration.
Jewellery
 x - a ring of flight (left hand)
Wands
 f - a wand of digging (3)
 i - a wand of charming (5)
Scrolls
 e - a scroll of fog
 g - 2 scrolls of identify
 h - a scroll of brand weapon {unknown}
 j - 2 scrolls of silence {unknown}
 l - a scroll of noise {unknown}
 n - 2 scrolls of teleportation {unknown}
 o - 2 scrolls of blinking {unknown}
 u - 2 scrolls of fear
 z - 2 scrolls of magic mapping
Potions
 m - 2 potions of lignification
 q - a potion of attraction {unknown}
 r - a potion of degeneration
 w - a potion of brilliance {unknown}


   Skills:
 - Level 2.6 Fighting
 - Level 1.7 Dodging
 - Level 4.5 Stealth
 + Level 11.0 Unarmed Combat


You had 7 spell levels left.
You didn't know any spells.
Your spell library contained the following spells:

 Spells                   Type           Power      Damage    Failure   Level
 Static Discharge         Conj/Air       0%         2-2/arc   100%        2
 Ignite Poison            Fire/Tmut/Pois 0%         N/A       100%        3
 Kindle Blastsparks       Fire/Tloc/Air  0%         2d10      100%        3
 Portal Projectile        Hex/Tloc       0%         N/A       100%        3
 Summon Guardian Golem    Hex/Summ       0%         N/A       100%        3
 Tukima's Dance           Hex            0%         N/A       100%        3
 Vhi's Electric Charge    Tloc/Air       0%         N/A       100%        3
 Arcjolt                  Conj/Air       0%         1d10      100%        5
 Blade Hands              Tmut           0%         N/A       100%        5
 Freezing Cloud           Conj/Ice/Air   0%         6-21      100%        5
 Lightning Bolt           Conj/Air       0%         1d11      100%        5
 Orb of Destruction       Conj           0%         9d5       100%        7
 Spellforged Servitor     Conj/Summ      0%         N/A       100%        7


Dungeon Overview and Level Annotations

Branches:
Dungeon (7/15)             Temple (0/1) D:7

Annotations:
D:3 Grinder


Innate Abilities, Weirdness & Mutations

You have an increased reservoir of magic. (+10% MP)
You shall have no god before yourself.
Your divine heritage dramatically boosts your attributes as you level up.


Message History

You feel sick. The killer bee stings you.
* * * LOW HITPOINT WARNING * * *
You are more poisoned.
The killer bee poisons you! The killer bee closely misses you. x2
You barely miss the killer bee.
The killer bee is moderately wounded.
You feel very sick.
The killer bee stings you but does no damage. x2
You sock the killer bee!
The killer bees shudder.
You kill the killer bee!
The killer bee is moderately wounded.
You feel sick.
The killer bee stings you but does no damage.
The killer bee stings you.
* * * LOW HITPOINT WARNING * * *
Unknown command.
Unknown command.
You barely miss the killer bee.
The killer bee is moderately wounded.
You feel sick. The killer bee stings you.
* * * LOW HITPOINT WARNING * * *
You are lethally poisoned!
The killer bee poisons you! The killer bee barely misses you.
Unknown command.
You feel much better.
You feel very sick. The killer bee stings you.
* * * LOW HITPOINT WARNING * * *
You are more poisoned.
The killer bee poisons you! The killer bee stings you.
* * * LOW HITPOINT WARNING * * *
Unknown command.
Unknown command.
You hit the killer bee.
The killer bee shudders.
The killer bee is heavily wounded. x2
You feel very sick. The killer bee stings you!
* * * LOW HITPOINT WARNING * * *
The killer bee stings you!
You die...

#......# ## #......# .#
#......# .# #......## .#
#.......# .# #####...# .#
#...# .#
#.##...################## ##
#.......y@.........)....#
###
####....###############.#
..# ##.#.# #.# ..# #.#.##
#.# ..# #.#..# #.#
..##########.##.### #.#
..................# #.#
############.<#...# #.#
#............############.##


You could see a killer bee.

Vanquished Creatures
  Eustachio (D:6)
  2 water moccasins
  2 ice beasts
  2 black bears
  An ogre (D:4)
  2 centaurs (D:3)
  A phantom (D:6)
  2 necrophages
  10 killer bees
  A hound (D:5)
  A jelly (D:7)
  An iguana (D:3)
  4 orc wizards
  7 adders
  6 gnolls
  3 shadow imps
  3 white imps
  2 ufetubi
  3 worms
  2 dart slugs
  23 orcs
  7 bats
  2 endoplasms (D:1)
  3 goblins
  6 hobgoblins
  3 jackals (D:2)
  9 kobolds
  3 quokkas
  6 ball pythons
  3 frilled lizards
  3 rats
124 creatures vanquished.

Notes
Turn   | Place    | Note
-------+----------+-------------------------------------------
     0 | D:5      | drugrobin the Demigod Delver began the quest for the Orb.
     0 | D:5      | Reached XP level 1. HP: 18/18 MP: 3/3
    31 | D:4      | Noticed an ogre
   103 | D:4      | Noticed a centaur
   158 | D:2      | Reached skill level 2 in Unarmed Combat
   664 | D:1      | Reached XP level 2. HP: 19/25 MP: 4/4
   884 | D:1      | Reached skill level 3 in Unarmed Combat
  1619 | D:2      | Reached XP level 3. HP: 30/30 MP: 5/5
  1825 | D:3      | Noticed a centaur
  1844 | D:3      | Killed a centaur
  1845 | D:3      | Reached skill level 4 in Unarmed Combat
  1845 | D:3      | Reached XP level 4. HP: 8/37 MP: 6/6
  2115 | D:3      | Reached skill level 5 in Unarmed Combat
  2115 | D:3      | Reached XP level 5. HP: 42/42 MP: 7/7
  2329 | D:3      | Noticed Grinder
  3182 | D:5      | Reached skill level 6 in Unarmed Combat
  3215 | D:5      | Reached XP level 6. HP: 25/50 MP: 8/8
  3399 | D:5      | Noticed a water moccasin
  3420 | D:5      | Killed a water moccasin
  3550 | D:5      | Reached skill level 7 in Unarmed Combat
  3660 | D:5      | Reached XP level 7. HP: 43/56 MP: 9/9
  4656 | D:4      | Reached skill level 8 in Unarmed Combat
  5083 | D:6      | Found the +6 shillelagh "Devastator" {shatter}
  5160 | D:6      | Noticed Eustachio
  5180 | D:6      | Killed Eustachio
  5181 | D:6      | Reached skill level 9 in Unarmed Combat
  5181 | D:6      | Reached XP level 8. HP: 51/62 MP: 10/10
  5836 | D:6      | Identified the +1 chain mail of the Gastropod {Regen+ Str+2
                  | Int-4 Dex+5}
  5966 | D:6      | Reached skill level 10 in Unarmed Combat
  6304 | D:7      | Found a staircase to the Ecumenical Temple.
  6356 | D:7      | Identified the +9 falchion of Dieclajeby {flame, rF+ Str+3
                  | SInv}
  6387 | D:7      | Reached skill level 11 in Unarmed Combat
  6472 | D:7      | HP: 3/62 [killer bee (6)]
  6474 | D:7      | Slain by a killer bee

Illustrated notes

Levels and vault maps discovered:
D:1:      dpeg_arrival_pits, layout_loops_ring, serial_park_tiny_2,
          minmay_misc_feat_more_columns
D:2:      minmay_wonky_spiral, layout_loops_cross, basic_altar
D:3:      layout_basic, uniq_grinder
D:4:      layout_cave_pools
D:5:      layout_rooms, serial_curves, eino_curves_03, eino_curves_04
D:6:      cheibrodos_iron_armory, layout_loops_corners,
          mainiacjoe_overflow_chevrons, uniq_eustachio
D:7:      layout_basic, nicolae_overflows_in_rows,
          minmay_temple_entry_from_below_a

Skill      XL: |  1  2  3  4  5  6  7  8 |
---------------+-------------------------+-----
Unarmed Combat | 2 3 4 5 6 7 9 11 | 11.0
Fighting       | |  2.6
Dodging        | |  1.7
Stealth        | |  4.5

Action                   |  1- 3 |  4- 6 |  7- 9 || total
-------------------------+-------+-------+-------++-------
Melee: Unarmed           |   141 |   135 |   146 ||   422
       Punch             |     1 |     8 |    11 ||    20
       Flail             |       |     6 |       ||     6
       Short sword       |       |     6 |       ||     6
       Shillelagh        |       |       |    29 ||    29
 Fire: Shortbow          |       |    57 |    13 ||    70
Throw: Javelin           |    11 |     6 |     3 ||    20
       Throwing net      |     1 |       |       ||     1
       Dart              |       |     5 |     1 ||     6
  Use: Potion            |     2 |     2 |     5 ||     9
       Scroll            |       |     1 |       ||     1
 Stab: Sleeping          |     7 |     4 |     3 ||    14
       Held in net/web   |     1 |       |       ||     1
       Invisible         |       |       |     6 ||     6
Armor: Ring mail         |    44 |    50 |    41 ||   135
       Leather armour    |     6 |       |       ||     6
       Chain mail        |       |       |    40 ||    40
Dodge: Dodged            |    76 |   101 |   116 ||   293

Table legend: (Time is in decaauts)
 A = Elapsed time spent in this place.
 B = Non-inter-level travel time spent in this place.
 C = Inter-level travel time spent in this place.
 D = Time resting spent in this place.
 E = Time spent auto-exploring this place.
 F = Levels seen in this place.
 G = Mean time per level.
                   A        B        C        D        E       F      G
               +--------+--------+--------+--------+--------+-----+--------+
         Total |   6453 |   5997 |    456 |   1086 |   3117 |   7 |  921.9 |
       Dungeon |   6453 |   5997 |    456 |   1086 |   3117 |   7 |  921.9 |
               +--------+--------+--------+--------+--------+-----+--------+

Top non-repeatable levels by time:
     D:3: 1926 daAuts
     D:2: 1108 daAuts
     D:6: 1106 daAuts
     D:5: 872 daAuts
     D:1: 658 daAuts
     D:4: 504 daAuts
     D:7: 277 daAuts
